 Dungeon Crawl Stone Soup version 0.20.1-1-g8b1a95d (webtiles) character file.

4741 Liatris the Shield-Bearer (level 10, -4/76 HPs)
             Began as a Human Fighter on Aug 9, 2017.
             Was an Elder of Okawaru.
             Slain by a two-headed ogre
             ... wielding a +0 giant club
              (27 damage)
             ... on level 8 of the Dungeon.
             The game lasted 00:31:51 (8999 turns).

Liatris the Shield-Bearer (Human Fighter)           Turns: 8999, Time: 00:31:52

Health: -4/76      AC:  8    Str: 15    XL:     10   Next: 74%
Magic:  10/10      EV: 10    Int: 11    God:    Okawaru [****..]
Gold:   485        SH: 10    Dex: 13    Spells: 9/9 levels left

rFire    + + .     SeeInvis .   w - +8 spear of Intimidation {pierce, +Rage}
rCold    + + +     Gourm    .   c - +0 shield
rNeg     + . .     Faith    +   K - +0 leather armour "Onaschoc" {-Tele rF++ rN+}
rPois    .         Spirit   .   (no helmet)
rElec    .         Reflect  .   y - +2 cloak
rCorr    .         Harm     .   D - +0 pair of gloves of the Wilderness {rC+++ Str-4 Int+2 Slay+2}
MR       ++...     NoTele   +   (no boots)
Stlth    +.........             j - amulet of faith
Regen    0.3/turn               k - ring of protection from magic
MPRegen  0.2/turn               u - ring of protection from magic

@: no status effects
A: no striking features
a: Heroism, Renounce Religion, Evoke Berserk Rage


You were on level 8 of the Dungeon.
You worshipped Okawaru.
Okawaru was greatly pleased with you.
You were not hungry.

You visited 2 branches of the dungeon, and saw 9 of its levels.
You also visited: Sewer.

You collected 485 gold pieces.

Inventory:

Hand Weapons
 a - a +0 long sword
 o - a +0 whip of freezing
 w - the +8 spear of Intimidation (weapon) {pierce, +Rage}
   (You found it on level 6 of the Dungeon)

   It inflicts extra damage upon your enemies.
   It lets you go berserk.
 E - a +2 scimitar of holy wrath
Armour
 b - a +0 scale mail
 c - a +0 shield (worn)
 l - a +0 plate armour
 y - a +2 cloak (worn)
 A - a +1 pair of gloves
 D - the +0 pair of gloves of the Wilderness (worn) {rC+++ Str-4 Int+2 Slay+2}
   (You acquired it on level 7 of the Dungeon)

   It affects your strength (-4).
   It affects your intelligence (+2).
   It affects your accuracy and damage with ranged weapons and melee attacks
   (+2).
   It renders you almost immune to cold.
 K - the +0 leather armour "Onaschoc" (worn) {-Tele rF++ rN+}
   (You found it on level 8 of the Dungeon)

   It greatly protects you from fire.
   It protects you from negative energy.
   It prevents most forms of teleportation.
Jewellery
 j - an amulet of faith (around neck)
 k - a ring of protection from magic (left hand)
 n - an uncursed ring of fire
 u - a ring of protection from magic (right hand)
 C - a +4 ring of strength
 G - an uncursed ring of stealth
Wands
 x - a wand of digging (8/24)
 z - a wand of lightning (11/15)
 B - a wand of acid (8/15)
Scrolls
 e - 3 scrolls of teleportation
 h - 2 scrolls of identify
 i - 4 scrolls of remove curse
 r - 3 scrolls of random uselessness
 v - a scroll of immolation
Potions
 d - 5 potions of might
 m - 4 potions of flight
 p - 7 potions of curing
 q - a potion of brilliance
 t - a potion of magic {unknown}
 H - a potion of haste
 I - 2 potions of invisibility {unknown}
Books
 s - a book of Minor Magic

   Spells                             Type                      Level
   a - Magic Dart                     Conjuration                  1
   b - Blink                          Translocation                2
   c - Call Imp                       Summoning                    2
   d - Slow                           Hexes                        2
   e - Conjure Flame                  Conjuration/Fire             3
   f - Mephitic Cloud                 Conjuration/Poison/Air       3
 F - a book of Battle

   Spells                             Type                      Level
   a - Infusion                       Charms                       1
   b - Shroud of Golubria             Charms/Translocation         2
   c - Song of Slaying                Charms                       2
   d - Spectral Weapon                Hexes/Charms                 3
   e - Regeneration                   Charms/Necromancy            3
Comestibles
 f - 9 bread rations
 g - 8 royal jellies
 J - a meat ration


   Skills:
 + Level 6.0 Fighting
 + Level 7.3 Long Blades
 * Level 6.9 Polearms
 + Level 7.2 Armour
 + Level 1.3 Dodging
 - Level 1.0 Stealth
 + Level 7.9 Shields
 - Level 0.4 Evocations


You had 9 spell levels left.
You didn't know any spells.

Dungeon Overview and Level Annotations

Branches:
Dungeon (8/15)             Temple (1/1) D:6
   Lair: D:8-11

Altars:
Ashenzari
Cheibriados
Dithmenos
Elyvilon
Fedhas
Gozag
Hepliaklqana
Kikubaaqudgha
Makhleb
Nemelex Xobeh
Okawaru
Qazlal
Ru
Sif Muna
Trog
Uskayaw
Vehumet
Xom
Yredelemnul
Zin
The Shining One


Message History

The two-headed ogre is heavily wounded.
You hit the two-headed ogre.
The two-headed ogre is heavily wounded.
You block the two-headed ogre's attack.
The two-headed ogre hits you with a giant club!
You hit the two-headed ogre.
The two-headed ogre is heavily wounded.
You completely miss the two-headed ogre.
The two-headed ogre is heavily wounded.
The two-headed ogre hits you with a giant club!
You block the two-headed ogre's attack.
You hit the two-headed ogre.
The two-headed ogre is severely wounded.
The two-headed ogre barely misses you. You block the two-headed ogre's attack.
You hit the two-headed ogre.
The two-headed ogre is severely wounded.
You puncture the two-headed ogre!
The two-headed ogre is almost dead.
The two-headed ogre hits you with a giant club!!
You die...

#...............###.....#..
##........############.....
##........## #....(......
#..........# #....(.###..
#######..........#####....(.###.#
.................##.......(.))((#
.##..##..........##.##<...((.###.
.###.............##.##....)#####.
..#..#.........O@...##...........
#...###.#....................#.##
..#..#..###....####.##.####''####
..##.........## ###...##........#
#.....#..##.## ##...#..#.♣♣..♣♣.#
.......#.##.# #..####.#.♣♣..♣♣.#
..#..#...##.# ##.## #.'...)....'
#...###.....###..# #.'...(....'
..#..#..##..##..## ###.♣♣..♣♣.#


You could see a two-headed ogre.

Vanquished Creatures
  Pikel (D:6)
  Joseph (D:7)
  Psyche (D:8)
  A hippogriff (D:8)
  A yak (D:7)
  3 hogs (D:7)
  A human (D:7)
  Menkaure (D:7)
  An orc warrior (D:5)
  An ice beast (D:7)
  4 ogres
  2 centaurs (D:8)
  3 bullfrogs
  3 big kobolds
  A scorpion (D:6)
  4 killer bees (D:6)
  3 howler monkeys
  2 crimson imps
  A centaur zombie (D:7)
  A quasit (D:6)
  7 orc priests
  2 hounds (D:8)
  3 jellies
  6 orc wizards
  Jessica (D:2)
  An iguana (D:6)
  8 worker ants
  A howler monkey skeleton (D:7)
  A worker ant zombie (D:5)
  A gnoll (D:1)
  6 river rats (Sewer)
  11 adders
  2 shadow imps
  3 oozes
  An adder skeleton (D:4)
  7 worms
  4 leopard geckos
  17 orcs
  7 ball pythons
  3 bats
  10 giant cockroaches
  5 goblins
  8 hobgoblins
  10 jackals
  3 quokkas
  6 frilled lizards
  A jackal skeleton (D:4)
  22 kobolds
  A leopard gecko skeleton (D:7)
  A leopard gecko zombie (D:5)
  2 quokka skeletons
  25 rats
222 creatures vanquished.

Vanquished Creatures (others)
  A slave (D:6)
  A jelly (D:6)
2 creatures vanquished.

Grand Total: 224 creatures vanquished

Notes
Turn   | Place    | Note
-------+----------+-------------------------------------------
     0 | D:1      | Liatris the Human Fighter began the quest for the Orb.
     0 | D:1      | Reached XP level 1. HP: 18/18 MP: 1/1
   180 | D:1      | Reached XP level 2. HP: 12/24 MP: 2/2
   624 | D:1      | Reached XP level 3. HP: 28/29 MP: 3/3
  1345 | D:2      | Reached XP level 4. HP: 28/35 MP: 4/4
  1534 | D:2      | Noticed Jessica
  1546 | D:2      | Killed Jessica
  1829 | D:2      | Reached XP level 5. HP: 42/42 MP: 5/5
  2107 | D:3      | Found a glowing drain.
  2184 | Sewer    | Entered a sewer
  2483 | Sewer    | Reached XP level 6. HP: 22/48 MP: 6/6
  2950 | Sewer    | Reached XP level 7. HP: 48/54 MP: 7/7
  4363 | D:4      | Reached skill level 5 in Shields
  4863 | D:5      | Entered Level 5 of the Dungeon
  4988 | D:5      | Reached skill level 5 in Long Blades
  4988 | D:5      | Reached XP level 8. HP: 11/61 MP: 8/8
  5933 | D:6      | Reached skill level 5 in Armour
  6279 | D:6      | Reached XP level 9. HP: 27/67 MP: 9/9
  6490 | D:6      | Found a staircase to the Ecumenical Temple.
  6499 | Temple   | Entered the Ecumenical Temple
  6740 | Temple   | Became a worshipper of Warmaster Okawaru
  6853 | D:6      | Reached skill level 5 in Fighting
  6857 | D:6      | Got a dazzling spear
  6858 | D:6      | Identified the +8 spear of Intimidation {pierce, +Rage} (You found it on level 6 of the Dungeon)
  6978 | D:6      | Reached skill level 1 in Stealth
  7315 | D:6      | Reached skill level 1 in Polearms
  7318 | D:6      | Noticed Pikel
  7351 | D:6      | Killed Pikel
  7351 | D:6      | Reached * piety under Okawaru
  7729 | D:7      | Noticed Menkaure
  7735 | D:7      | Killed Menkaure
  7762 | D:7      | Reached ** piety under Okawaru
  7802 | D:7      | Reached skill level 1 in Dodging
  7987 | D:7      | Noticed Joseph
  7999 | D:7      | Killed Joseph
  7999 | D:7      | Reached XP level 10. HP: 72/76 MP: 10/10
  8007 | D:7      | Identified a scroll of acquirement
  8010 | D:7      | Got a pair of slimy gloves
  8021 | D:7      | Identified the +0 pair of gloves of the Wilderness {rC+++ Str-4 Int+2 Slay+2} (You acquired it on level 7 of the Dungeon)
  8070 | D:7      | Reached *** piety under Okawaru
  8070 | D:7      | Reached skill level 5 in Polearms
  8425 | D:8      | Got a fine leather armour
  8436 | D:8      | Identified the cursed +0 leather armour "Onaschoc" {-Tele rF++ rN+} (You found it on level 8 of the Dungeon)
  8493 | D:8      | Reached **** piety under Okawaru
  8564 | D:8      | Noticed Psyche
  8575 | D:8      | Killed Psyche
  8987 | D:8      | Noticed a two-headed ogre
  8999 | D:8      | Slain by a two-headed ogre

Skill      XL: |  1  2  3  4  5  6  7  8  9 10 |
---------------+-------------------------------+-----
Long Blades    | 3 4 5 6 7 |  7.3
Shields        | 4 5 6 7 |  7.9
Armour         | 4 5 6 7 |  7.2
Fighting       | 4 5 6 |  6.0
Stealth        | 1 |  1.0
Polearms       | 4 6 |  6.9
Dodging        | 1 |  1.3
Evocations     | |  0.4

Action                   |  1- 3 |  4- 6 |  7- 9 | 10-12 || total
-------------------------+-------+-------+-------+-------++-------
Melee: Long sword        |   117 |   293 |   273 |       ||   683
       Scimitar          |       |       |    94 |       ||    94
       Spear             |       |       |   113 |   121 ||   234
Evoke: Wand              |       |       |     5 |     1 ||     6
  Use: Potion            |       |     6 |     6 |     1 ||    13
       Scroll            |       |     4 |    14 |     3 ||    21
  Eat: Meat ration       |     1 |       |     3 |       ||     4
       Bread ration      |       |     1 |       |       ||     1
       Fruit             |       |       |     3 |       ||     3
       Royal jelly       |       |       |     1 |       ||     1
Armor: Scale mail        |    12 |       |       |       ||    12
       Plate armour      |    75 |   267 |   379 |    34 ||   755
       Leather armour    |       |       |       |    14 ||    14
Dodge: Dodged            |    17 |    49 |    83 |    33 ||   182
Block: Shield            |    63 |   200 |   277 |    75 ||   615
       Rpst.: Long sword |     5 |    19 |    11 |       ||    35
       Scimitar          |       |       |     2 |       ||     2
